 Dungeon Crawl Stone Soup version 0.32-a0-422-g28b100f618 (webtiles) character file.

Game seed: 6132239763894820946

241 Alarak the Magician (level 6, -2/40 HPs)
             Began as a Djinni Fire Elementalist on Feb 21, 2024.
             Engulfed by a cloud of flame (10 damage)
             ... on level 3 of the Dungeon.
             The game lasted 00:06:46 (2347 turns).

Alarak the Magician (Djinni Fire Elementalist)      Turns: 2347, Time: 00:06:46

Health: -2/40      AC:  3    Str:  7    XL:     6   Next: 30%
Gold:   60         EV: 12    Int: 31    God:
                   SH:  0    Dex: 13

rFire   + + .        (no weapon)
rCold   x . .        (no shield)
rNeg    . . .        a - +0 robe
rPois   ∞            (no helmet)
rElec   .            (no cloak)
rCorr   .            i - +0 pair of gloves
SInv    .            (boots unavailable)
Will    .....        (no amulet)
Stlth   ++           g - +6 ring of intelligence
HPRegen 0.26/turn    l - +6 ring of intelligence
MPRegen 0.00/turn

%: infuse magic (-3 HP)
@: flying, very slightly contaminated
A: sickness immunity, fire resistance 2, cold vulnerability 1, float, innate
caster, HP casting, extra vitality 1
a: no special abilities


You were on level 3 of the Dungeon.
You visited 1 branch of the dungeon, and saw 3 of its levels.

You collected 60 gold pieces.

Inventory:

Hand Weapons
 p - the +6 arbalest "Damnation" {damnation}
   (You found it on level 3 of the Dungeon)
Armour
 a - a +0 robe (worn)
 i - a +0 pair of gloves (worn)
Magical Staves
 m - a staff of cold
Jewellery
 g - a +6 ring of intelligence (left hand)
 l - a +6 ring of intelligence (right hand)
 q - a +5 ring of evasion
Wands
 n - a wand of flame (17)
Scrolls
 b - a scroll of noise {unknown}
 e - a scroll of acquirement {unknown}
 f - a scroll of fear {unknown}
 h - a scroll of identify {unknown}
 j - a scroll of vulnerability {unknown}
 o - a scroll of amnesia {unknown}
 r - a scroll of fog {unknown}
Potions
 c - a potion of cancellation {unknown}
 d - 2 potions of brilliance {unknown}
 k - a potion of heal wounds {unknown}


   Skills:
 - Level 2.1 Dodging
 - Level 1.5 Stealth
 + Level 5.5 Spellcasting
 + Level 5.5 Conjurations
 + Level 5.5 Hexes
 + Level 5.5 Summonings
 + Level 5.5 Necromancy
 + Level 5.5 Translocations
 + Level 5.5 Fire Magic
 + Level 5.5 Ice Magic
 + Level 5.5 Air Magic
 + Level 5.5 Earth Magic
 + Level 5.5 Alchemy


You knew the following spells:

 Your Spells              Type           Power      Damage    Failure   Level
a - Foxfire               Conj/Fire      100%       2x1d9     1%          1
b - Scorch                Fire           86%        2d8       1%          2
c - Volatile Blastmotes   Fire/Tloc      86%        2d17      1%          3
d - Inner Flame           Hex/Fire       43%        N/A       1%          3
e - Flame Wave            Conj/Fire      43%        2d11      5%          4
f - Freeze                Ice            100%       1d10      1%          1
g - Call Imp              Summ           86%        N/A       1%          2
Your spell library was empty.

Dungeon Overview and Level Annotations

Branches:
Dungeon (3/15)

Altars:
Dithmenos
Fedhas
Xom


Innate Abilities, Weirdness & Mutations

You are immune to sickness and miasma.
You are immune to poison.
Your flesh is very heat resistant. (rF++)
You are vulnerable to cold. (rC-)
You float through the air rather than walking.
You learn spells naturally, not from books.
Your magical power is your life essence.
You have superior vitality. (+4 MHP)


Message History

Confirm with . or Enter, or press ? or * to list all spells.
Aiming: Inner Flame (safe; 1% risk of failure)
Press: ? - help, Dir - move target, f - rat, p - giant cockroach
Aim: a rat (chance to affect: 97%)
You miscast Inner Flame.
You are very lightly contaminated with residual magic.
Nothing appears to happen.
The giant cockroach bites you but does no damage.
Casting: Inner Flame (safe; 1% risk of failure)
Confirm with . or Enter, or press ? or * to list all spells.
Aiming: Inner Flame (safe; 1% risk of failure)
Press: ? - help, Dir - move target, f/p - rat
Aim: a rat (chance to affect: 97%)
The rat barely resists.
The giant cockroach bites you.
Casting: Inner Flame (safe; 1% risk of failure)
Confirm with . or Enter, or press ? or * to list all spells.
Okay, then.
Casting: Inner Flame (safe; 1% risk of failure)
Confirm with . or Enter, or press ? or * to list all spells.
Casting: Flame Wave (dangerous; 5% risk of failure)
Press: ? - help, Dir - look around, f - activate A wave of flame ripples out!
The flame wave engulfs the giant cockroach!
The flame wave engulfs the rat!
You kill the rat!
The flame wave engulfs the rat!
You kill the rat! (Press . to intensify the flame waves.)
The giant cockroach explodes!
The fiery explosion engulfs you! You resist.
The fiery explosion engulfs the rat!
You kill the rat!
You are engulfed in blazing flames.
You resist.
* * * LOW HITPOINT WARNING * * *
You hear a loud squeak.
A wave of flame ripples out!
The flame wave engulfs the rat!
You kill the rat!
* * * LOW HITPOINT WARNING * * *
You are engulfed in blazing flames.
You resist.
You die...

### .~~# ~~~+
.~~~# #†.~~##
#######§§.~~~~
#.....@.....~.
####.####§§§.....
######....#
##....$..
#......####
####### #.######
#.# #.# #.# #.#


There were no monsters in sight!

Vanquished Creatures
  An orc priest (D:3)
  A hound (D:2)
  Ijyb (D:3)
  Robin (D:3)
  2 adders (D:2)
  4 dart slugs
  A ribbon worm (D:2)
  3 orcs (D:3)
  3 ball pythons
  2 endoplasms
  4 giant cockroaches
  9 hobgoblins
  4 jackals (D:1)
  4 kobolds
  A quokka (D:3)
  6 bats
  2 frilled lizards
  10 goblins
  9 rats
68 creatures vanquished.

Vanquished Creatures (others)
  218 foxfires
218 creatures vanquished.

Grand Total: 286 creatures vanquished

Notes
Turn   | Place    | Note
-------+----------+-------------------------------------------
     0 | D:1      | Alarak the Djinni Fire Elementalist began the quest for the
                  | Orb.
     0 | D:1      | Alarak set off with the following spells memorised:
                  | Foxfire, Scorch, Volatile Blastmotes, Inner Flame, Flame
                  | Wave.
     0 | D:1      | Reached XP level 1. HP: 15/15 MP: 0/0
    61 | D:1      | Reached XP level 2. HP: 14/21 MP: 0/0
   294 | D:1      | Reached XP level 3. HP: 18/25 MP: 0/0
   294 | D:1      | Learned a level 1 spell: Freeze
   724 | D:1      | Reached XP level 4. HP: 22/31 MP: 0/0
  1275 | D:2      | Found a shimmering altar of Xom.
  1513 | D:2      | Reached XP level 5. HP: 30/35 MP: 0/0
  1513 | D:2      | Learned a level 2 spell: Call Imp
  1609 | D:2      | Found a faded altar of an unknown god.
  1804 | D:3      | Reached skill level 5 in Spellcasting
  1804 | D:3      | Reached skill level 5 in Conjurations
  1804 | D:3      | Reached skill level 5 in Hexes
  1804 | D:3      | Reached skill level 5 in Summonings
  1804 | D:3      | Reached skill level 5 in Necromancy
  1804 | D:3      | Reached skill level 5 in Translocations
  1804 | D:3      | Reached skill level 5 in Fire Magic
  1804 | D:3      | Reached skill level 5 in Ice Magic
  1804 | D:3      | Reached skill level 5 in Air Magic
  1804 | D:3      | Reached skill level 5 in Earth Magic
  1804 | D:3      | Reached skill level 5 in Alchemy
  1804 | D:3      | Noticed Robin
  1812 | D:3      | Killed Robin
  1813 | D:3      | Reached XP level 6. HP: 14/40 MP: 0/0
  1816 | D:3      | Noticed Ijyb
  1933 | D:3      | Killed Ijyb
  2086 | D:3      | Found the +6 arbalest "Damnation" {damnation}
  2217 | D:3      | Found a blossoming altar of Fedhas.
  2218 | D:3      | Found a shadowy altar of Dithmenos.
  2347 | D:3      | Engulfed by a cloud of flame

Illustrated notes

Levels and vault maps discovered:
D:1:      dpeg_arrival_subterranean_lakeside_camping, layout_basic
D:2:      layout_loops_corners, ebering_ecumenical_altar_box, basic_altar
D:3:      layout_rooms, nicolae_overflow_two_pavilions, portal_sewer_entry_e,
          nicolae_goblin_pals

Skill      XL: |  1  2  3  4  5 |
---------------+----------------+-----
Spellcasting   | 4 5 |  5.5
Conjurations   | 4 5 |  5.5
Hexes          | 4 5 |  5.5
Summonings     | 4 5 |  5.5
Necromancy     | 4 5 |  5.5
Translocations | 4 5 |  5.5
Fire Magic     | 4 5 |  5.5
Ice Magic      | 4 5 |  5.5
Air Magic      | 4 5 |  5.5
Earth Magic    | 4 5 |  5.5
Alchemy        | 4 5 |  5.5
Dodging        | |  2.1
Stealth        | |  1.5

Action                     |  1- 3 |  4- 6 || total
---------------------------+-------+-------++-------
   Cast: Foxfire           |    60 |    66 ||   126
         Scorch            |     5 |     7 ||    12
         Inner Flame       |       |    17 ||    17
         Flame Wave        |       |     1 ||     1
         Volatile Blastmot |       |     1 ||     1
 Armour: Robe              |     4 |     8 ||    12
  Dodge: Dodged            |     5 |     3 ||     8

Table legend: (Time is in decaauts)
 A = Elapsed time spent in this place.
 B = Non-inter-level travel time spent in this place.
 C = Inter-level travel time spent in this place.
 D = Time resting spent in this place.
 E = Time spent auto-exploring this place.
 F = Levels seen in this place.
 G = Mean time per level.
                   A        B        C        D        E       F      G
               +--------+--------+--------+--------+--------+-----+--------+
         Total |   2344 |   2229 |    115 |    197 |   1744 |   3 |  781.3 |
       Dungeon |   2344 |   2229 |    115 |    197 |   1744 |   3 |  781.3 |
               +--------+--------+--------+--------+--------+-----+--------+

Top non-repeatable levels by time:
     D:1: 1033 daAuts
     D:2: 733 daAuts
     D:3: 578 daAuts
